HSSL
FORT WORTH HS TURKEYS @ MASCONOMET HS CHIEFTANS
04/14/2026
 
TOP OF THE 1ST
Fort Worth HS Turkeys batting - Pitching for Masconomet HS Chieftans : RHP Roy Wellon
Pitching: RHP Roy Wellon
Batting: LHB Fernando García 0-0: Ball
1-0: Called Strike
1-1: SINGLE (Line Drive, 56)
Batting: LHB Will O'Dell 0-0: Called Strike
0-1: Ball
1-1: Foul Ball, location: 2F
1-2: Ball
2-2: Ball
3-2: Base on Balls
Fernando García to second
Batting: RHB Jon Hartley 0-0: Called Strike
0-1: Foul Ball, location: 2F
0-2: Strikes out swinging
Batting: LHB Johnny Foley 0-0: Ball
1-0: Called Strike
1-1: Called Strike
1-2: Strikes out swinging
Batting: RHB Bill Ménard 0-0: Foul Ball, location: 2F
0-1: Ball
1-1: Ball
2-1: Foul Ball, location: 2F
2-2: Strikes out swinging
Top of the 1st over - 0 run(s), 1 hit(s), 0 error(s), 2 left on base; Fort Worth HS 0 - Masconomet HS 0
BOTTOM OF THE 1ST
Masconomet HS Chieftans batting - Pitching for Fort Worth HS Turkeys : RHP Robert Caldwell
Pitching: RHP Robert Caldwell
Batting: RHB Frank Music 0-0: Called Strike
0-1: Ball
1-1: Bunted foul
1-2: Ball
2-2: SINGLE (Groundball, 34D)
Batting: RHB Tyler Robinson 0-0: Called Strike
0-1: Fly out, F5 (Popup, 5F)
Batting: LHB Trent Andrews 0-0: Ball
1-0: Swinging Strike
1-1: Ball
2-1: Grounds into double play, U6-3 (Groundball, 6M)
Bottom of the 1st over - 0 run(s), 1 hit(s), 0 error(s), 0 left on base; Fort Worth HS 0 - Masconomet HS 0
TOP OF THE 2ND
Fort Worth HS Turkeys batting - Pitching for Masconomet HS Chieftans : RHP Roy Wellon
Batting: RHB Dan Salazar 0-0: Ball
1-0: Ball
2-0: Hit by Pitch
Batting: LHB Ugo Béland 0-0: DOUBLE (Line Drive, 5D)
Dan Salazar to third
Batting: RHB Denny Dennis 0-0: Ball
1-0: Ball
2-0: Called Strike
2-1: Ball
3-1: Called Strike
3-2: Foul Ball, location: 2F
3-2: Foul Ball, location: 2F
3-2: Base on Balls
Batting: RHB Eric Clay 0-0: Foul Ball, location: 2F
0-1: Ball
1-1: Ball
2-1: Ball
3-1: Base on Balls
Dan Salazar scores
Ugo Béland to third
Denny Dennis to second
Batting: LHB Fernando García 0-0: Ball
1-0: Ball
2-0: Ball
3-0: Base on Balls
Ugo Béland scores
Denny Dennis to third
Eric Clay to second
Batting: LHB Will O'Dell 0-0: Ball
1-0: Called Strike
1-1: SINGLE (Line Drive, 56)
Denny Dennis scores
Eric Clay to third
Fernando García to second
Runner from 3rd tries for Home, throw and OUT!
Fernando García to third
Will O'Dell to second
Batting: RHB Jon Hartley 0-0: Fly out, F6 (Popup, 6MD)
Batting: LHB Johnny Foley 0-0: Ball
1-0: Called Strike
1-1: Ball
2-1: Called Strike
2-2: Foul Ball, location: 2F
2-2: Foul Ball, location: 2F
2-2: Ball
3-2: Strikes out looking
Top of the 2nd over - 3 run(s), 2 hit(s), 0 error(s), 2 left on base; Fort Worth HS 3 - Masconomet HS 0
BOTTOM OF THE 2ND
Masconomet HS Chieftans batting - Pitching for Fort Worth HS Turkeys : RHP Robert Caldwell
Batting: RHB Clancy Castro 0-0: Foul Ball, location: 2F
0-1: Swinging Strike
0-2: SINGLE (Line Drive, 7LS)
Batting: RHB Lee Justice 0-0: Ball
1-0: Fly out, F5 (Popup, 56S)
Batting: RHB Ryan Beck 0-0: Ball
1-0: Ball
2-0: Ball
3-0: Base on Balls
Clancy Castro to second
Batting: RHB António Rojas 0-0: Ball
1-0: Swinging Strike
1-1: Ball
2-1: SINGLE (Line Drive, 34D)
Clancy Castro to third
Ryan Beck to second
Batting: SHB Jim Orr 0-0: Ball
1-0: Called Strike
1-1: Called Strike
1-2: Ball
2-2: Ball
3-2: SINGLE (Groundball, 34D)
Clancy Castro scores
Ryan Beck to third
António Rojas to second
Throwing error, E9
Ryan Beck scores
António Rojas to third
Jim Orr to second
Batting: LHB David Hebert 0-0: Ball
1-0: Ball
2-0: Called Strike
2-1: Ball
3-1: Swinging Strike
3-2: Foul Ball, location: 2F
3-2: Foul Ball, location: 2F
3-2: Base on Balls
Batting: RHB Frank Music 0-0: Called Strike
0-1: Ball
1-1: Foul Ball, location: 2F
1-2: Strikes out looking
Batting: RHB Tyler Robinson 0-0: Ball
1-0: Ball
2-0: Fly out, F8 (Flyball, 8RM)
Bottom of the 2nd over - 2 run(s), 3 hit(s), 1 error(s), 3 left on base; Fort Worth HS 3 - Masconomet HS 2
TOP OF THE 3RD
Fort Worth HS Turkeys batting - Pitching for Masconomet HS Chieftans : RHP Roy Wellon
Batting: RHB Bill Ménard 0-0: Ball
1-0: Ball
2-0: Ball
3-0: Called Strike
3-1: Ground out 1-3 (Groundball, 13S)
Batting: RHB Dan Salazar 0-0: Called Strike
0-1: Swinging Strike
0-2: Strikes out swinging
Batting: LHB Ugo Béland 0-0: Ball
1-0: Ball
2-0: Called Strike
2-1: Foul Ball, location: 2F
2-2: Ball
3-2: Foul Ball, location: 2F
3-2: Base on Balls
Batting: RHB Denny Dennis 0-0: Ball
Ugo Béland is caught stealing 2nd base
Top of the 3rd over - 0 run(s), 0 hit(s), 0 error(s), 0 left on base; Fort Worth HS 3 - Masconomet HS 2
BOTTOM OF THE 3RD
Masconomet HS Chieftans batting - Pitching for Fort Worth HS Turkeys : RHP Robert Caldwell
Batting: LHB Trent Andrews 0-0: Foul Ball, location: 2F
0-1: Ball
1-1: SINGLE (Line Drive, 4MD)
Batting: RHB Clancy Castro 0-0: Ball
1-0: SINGLE (Groundball, 6M)
Trent Andrews to second
Batting: RHB Lee Justice 0-0: Foul Ball, location: 2F
0-1: Ball
1-1: Called Strike
1-2: Ball
2-2: Ball
3-2: Strikes out swinging
Batting: RHB Ryan Beck 0-0: Called Strike
0-1: Ball
1-1: Ball
2-1: Foul Ball, location: 2F
2-2: Foul Ball, location: 2F
2-2: Foul Ball, location: 2F
2-2: Ball
3-2: Foul Ball, location: 2F
3-2: Foul Ball, location: 2F
3-2: Foul Ball, location: 2F
3-2: Strikes out swinging
Batting: RHB António Rojas 0-0: Ball
1-0: Ball
2-0: Called Strike
2-1: Ball
3-1: Foul Ball, location: 2F
3-2: Strikes out swinging
Bottom of the 3rd over - 0 run(s), 2 hit(s), 0 error(s), 2 left on base; Fort Worth HS 3 - Masconomet HS 2
TOP OF THE 4TH
Fort Worth HS Turkeys batting - Pitching for Masconomet HS Chieftans : RHP Roy Wellon
Batting: RHB Denny Dennis 0-0: Called Strike
0-1: Ball
1-1: Swinging Strike
1-2: Foul Ball, location: 2F
1-2: SINGLE (Line Drive, 8RM)
Batting: RHB Eric Clay 0-0: Ball
1-0: Called Strike
1-1: Ball
2-1: Foul Ball, location: 2F
2-2: Strikes out swinging
Pitching: RHP Alberto Pérez
Batting: LHB Fernando García 0-0: Swinging Strike
0-1: Called Strike
0-2: DOUBLE (Line Drive, 8LM)
Denny Dennis to third
Batting: LHB Will O'Dell 0-0: Ball
1-0: Called Strike
1-1: SINGLE (Groundball, 34D)
Denny Dennis scores
Fernando García to third
Batting: RHB Jon Hartley 0-0: Fly out, F9 (Line Drive, 9S)
Batting: LHB Johnny Foley 0-0: SINGLE (Line Drive, 34)
Fernando García scores
Will O'Dell to second
Runner from 2nd tries for 3rd, OUT!
Top of the 4th over - 2 run(s), 4 hit(s), 0 error(s), 1 left on base; Fort Worth HS 5 - Masconomet HS 2
BOTTOM OF THE 4TH
Masconomet HS Chieftans batting - Pitching for Fort Worth HS Turkeys : RHP Robert Caldwell
Batting: SHB Jim Orr 0-0: Ball
1-0: Fly out, F8 (Line Drive, 8RM)
Batting: LHB David Hebert 0-0: Foul Ball, location: 2F
0-1: Foul Ball, location: 2F
0-2: SOLO HOME RUN (Flyball, 9D), Distance : 387 ft
Batting: RHB Frank Music 0-0: Bunted foul
0-1: Called Strike
0-2: Ball
1-2: Fly out, F8 (Flyball, 8LM)
Batting: RHB Tyler Robinson 0-0: Ball
1-0: Ball
2-0: Foul Ball, location: 2F
2-1: Foul Ball, location: 2F
2-2: Fly out, F3 (Popup, 3L)
Bottom of the 4th over - 1 run(s), 1 hit(s), 0 error(s), 0 left on base; Fort Worth HS 5 - Masconomet HS 3
TOP OF THE 5TH
Fort Worth HS Turkeys batting - Pitching for Masconomet HS Chieftans : RHP Alberto Pérez
Batting: RHB Bill Ménard 0-0: Ball
1-0: Foul Ball, location: 2F
1-1: Ball
2-1: Ball
3-1: Called Strike
3-2: Base on Balls
Batting: RHB Dan Salazar 0-0: Called Strike
0-1: Foul Ball, location: 2F
0-2: Ball
1-2: Foul Ball, location: 2F
1-2: Foul Ball, location: 2F
1-2: Ball
2-2: Ball
3-2: SINGLE (Line Drive, 6MD)
Bill Ménard to second
Batting: LHB Ugo Béland 0-0: Fly out, F7 (Popup, 78S)
Batting: RHB Denny Dennis 0-0: Ball
1-0: Called Strike
1-1: Foul Ball, location: 2F
1-2: Foul Ball, location: 2F
1-2: Ball
2-2: Ball
3-2: Base on Balls
Bill Ménard to third
Dan Salazar to second
Batting: RHB Eric Clay 0-0: Called Strike
0-1: Swinging Strike
0-2: Foul Ball, location: 2F
0-2: Strikes out swinging
Batting: LHB Fernando García 0-0: Swinging Strike
0-1: Ball
1-1: Foul Ball, location: 2F
1-2: Strikes out swinging
Top of the 5th over - 0 run(s), 1 hit(s), 0 error(s), 3 left on base; Fort Worth HS 5 - Masconomet HS 3
BOTTOM OF THE 5TH
Masconomet HS Chieftans batting - Pitching for Fort Worth HS Turkeys : RHP Robert Caldwell
Pitching: RHP Shawn Miller
Batting: LHB Trent Andrews 0-0: Called Strike
0-1: Foul Ball, location: 2F
0-2: Ball
1-2: DOUBLE (Flyball, 7LM)
Batting: RHB Clancy Castro 0-0: Called Strike
0-1: Ball
1-1: Ball
2-1: Ball
3-1: Base on Balls
Batting: RHB Lee Justice 0-0: Ball
Wild Pitch!
Trent Andrews to third
Clancy Castro to second
1-0: Ball
2-0: SINGLE (Flyball, 89S) - OUT at second base trying to stretch hit.
Trent Andrews scores
Clancy Castro scores
Batting: RHB Ryan Beck 0-0: Reached on error, E4 (Groundball, 4)
Batting: RHB António Rojas 0-0: Ball
Ryan Beck is caught stealing 2nd base
1-0: DOUBLE (Flyball, 8RM)
Batting: SHB Jim Orr 0-0: Fly out, F9 (Line Drive, 89M)
Bottom of the 5th over - 2 run(s), 3 hit(s), 1 error(s), 1 left on base; Fort Worth HS 5 - Masconomet HS 5
TOP OF THE 6TH
Fort Worth HS Turkeys batting - Pitching for Masconomet HS Chieftans : RHP Alberto Pérez
Batting: LHB Will O'Dell 0-0: Called Strike
0-1: Ball
1-1: SINGLE (Groundball, 34D) (infield hit)
Batting: RHB Jon Hartley 0-0: Ball
1-0: Swinging Strike
1-1: Swinging Strike
1-2: Strikes out swinging
Batting: LHB Johnny Foley 0-0: Called Strike
Will O'Dell steals 2nd base
0-1: Called Strike
0-2: Ball
1-2: Ground out 6-3 (Groundball, 6M)
Will O'Dell to third
Batting: RHB Bill Ménard 0-0: Called Strike
0-1: Foul Ball, location: 2F
0-2: Foul Ball, location: 2F
0-2: 2-RUN HOME RUN (Flyball, 78XD), Distance : 437 ft
Pitching: RHP Danny Owen
Batting: RHB Dan Salazar 0-0: Called Strike
0-1: Called Strike
0-2: Strikes out swinging
Top of the 6th over - 2 run(s), 2 hit(s), 0 error(s), 0 left on base; Fort Worth HS 7 - Masconomet HS 5
BOTTOM OF THE 6TH
Masconomet HS Chieftans batting - Pitching for Fort Worth HS Turkeys : RHP Shawn Miller
Batting: LHB David Hebert 0-0: Foul Ball, location: 2F
0-1: SOLO HOME RUN (Flyball, 89XD), Distance : 436 ft
Pitching: LHP Adam Guerrero
Batting: RHB Frank Music 0-0: Called Strike
0-1: Ball
1-1: Ball
2-1: Foul Ball, location: 2F
2-2: Ball
3-2: Base on Balls
Batting: RHB Tyler Robinson 0-0: Called Strike
0-1: Ball
1-1: Ball
2-1: SINGLE (Line Drive, 7S)
Frank Music to second
Batting: LHB Trent Andrews 0-0: Ball
1-0: SINGLE (Flyball, 78S)
Frank Music to third
Tyler Robinson to second
Runner from 3rd tries for Home, SAFE, no throw or cutoff
Batting: RHB Clancy Castro 0-0: Ball
1-0: Called Strike
1-1: Ball
2-1: SINGLE (Line Drive, 4M)
Tyler Robinson to third
Trent Andrews to second
Runner from 3rd tries for Home, SAFE, throw made home
Batting: RHB Lee Justice 0-0: Ball
1-0: Foul Ball, location: 2F
1-1: Called Strike
1-2: SINGLE (Line Drive, 78S)
Trent Andrews to third
Clancy Castro to second
Batting: RHB Ryan Beck 0-0: Ball
1-0: Called Strike
1-1: Foul Ball, location: 2F
1-2: Ball
2-2: Strikes out swinging
Batting: RHB António Rojas 0-0: Grounds into double play, 6-4-3 (Groundball, 6)
Bottom of the 6th over - 3 run(s), 5 hit(s), 0 error(s), 2 left on base; Fort Worth HS 7 - Masconomet HS 8
TOP OF THE 7TH
Fort Worth HS Turkeys batting - Pitching for Masconomet HS Chieftans : RHP Danny Owen
Batting: LHB Ugo Béland 0-0: Ball
1-0: Called Strike
1-1: Ball
2-1: Swinging Strike
2-2: Foul Ball, location: 2F
2-2: Foul Ball, location: 2F
2-2: Ball
3-2: Ground out 4-3 (Groundball, 4)
Batting: RHB Denny Dennis 0-0: Called Strike
0-1: Ball
1-1: Ball
2-1: Swinging Strike
2-2: Foul Ball, location: 2F
2-2: Ball
3-2: Foul Ball, location: 2F
3-2: Strikes out looking
Batting: RHB Eric Clay 0-0: Called Strike
0-1: Ball
1-1: Called Strike
1-2: Ball
2-2: Ball
3-2: Foul Ball, location: 2F
3-2: Ground out U3 (Groundball, 3L)
Top of the 7th over - 0 run(s), 0 hit(s), 0 error(s), 0 left on base; Fort Worth HS 7 - Masconomet HS 8
BOTTOM OF THE 7TH
Masconomet HS Chieftans batting - Pitching for Fort Worth HS Turkeys : LHP Adam Guerrero
Batting: SHB Jim Orr 0-0: SINGLE (Line Drive, 6D)
Batting: LHB David Hebert 0-0: Ball
1-0: Ball
2-0: Ball
3-0: Called Strike
3-1: Swinging Strike
3-2: Foul Ball, location: 2F
3-2: Foul Ball, location: 2F
3-2: Base on Balls
Jim Orr to second
Batting: RHB Frank Music 0-0: Ball
1-0: Bunted foul
1-1: Sac Bunt - play at first, batter OUT! 5-4
Jim Orr to third
David Hebert to second
Batting: RHB Tyler Robinson 0-0: Called Strike
0-1: Ball
1-1: Ball
2-1: SINGLE (Groundball, 6)
Jim Orr scores
David Hebert to third
Pitching: LHP Ed Dixon
Batting: LHB Trent Andrews Pickoff Throw to First - Error! E1
David Hebert scores
Tyler Robinson to second
0-0: Called Strike
0-1: Ball
1-1: SINGLE (Groundball, 34D) (infield hit)
Tyler Robinson to third
Batting: RHB Clancy Castro 0-0: Called Strike
0-1: Grounds into double play, 4-6-3 (Groundball, 4)
Bottom of the 7th over - 2 run(s), 3 hit(s), 1 error(s), 1 left on base; Fort Worth HS 7 - Masconomet HS 10
TOP OF THE 8TH
Fort Worth HS Turkeys batting - Pitching for Masconomet HS Chieftans : RHP Danny Owen
Batting: LHB Fernando García 0-0: Foul Ball, location: 2F
0-1: Ball
1-1: Ground out 1-3 (Groundball, 13)
Batting: LHB Will O'Dell 0-0: Hit by Pitch
Batting: RHB Jon Hartley 0-0: Grounds into double play, 5-4-3 (Groundball, 5)
Top of the 8th over - 0 run(s), 0 hit(s), 0 error(s), 0 left on base; Fort Worth HS 7 - Masconomet HS 10
BOTTOM OF THE 8TH
Masconomet HS Chieftans batting - Pitching for Fort Worth HS Turkeys : LHP Ed Dixon
Batting: RHB Lee Justice 0-0: SINGLE (Line Drive, 56D)
Batting: RHB Ryan Beck 0-0: Called Strike
0-1: Fly out, F6 (Popup, 56D)
Batting: RHB António Rojas 0-0: Swinging Strike
0-1: Called Strike
0-2: Foul Ball, location: 2F
0-2: Ball
1-2: Strikes out swinging
Batting: SHB Jim Orr 0-0: Ball
1-0: Ball
2-0: Ball
3-0: Base on Balls
Lee Justice to second
Batting: LHB David Hebert 0-0: Ball
1-0: Swinging Strike
1-1: Ball
2-1: Foul Ball, location: 2F
2-2: Foul Ball, location: 2F
2-2: Ground out 4-3 (Groundball, 4S)
Bottom of the 8th over - 0 run(s), 1 hit(s), 0 error(s), 2 left on base; Fort Worth HS 7 - Masconomet HS 10
TOP OF THE 9TH
Fort Worth HS Turkeys batting - Pitching for Masconomet HS Chieftans : RHP Danny Owen
Pitching: RHP Ron Lambert
Batting: LHB Johnny Foley 0-0: Swinging Strike
0-1: SINGLE (Popup, 6D)
Batting: RHB Bill Ménard 0-0: Ball
1-0: Foul Ball, location: 2F
1-1: Swinging Strike
1-2: Ball
2-2: Foul Ball, location: 2F
2-2: Ball
3-2: Strikes out looking
Batting: RHB Dan Salazar 0-0: Ball
1-0: Called Strike
1-1: Fly out, F9 (Flyball, 89S)
Batting: LHB Ugo Béland 0-0: Called Strike
0-1: Ball
1-1: Ball
2-1: Ball
3-1: Called Strike
3-2: Foul Ball, location: 2F
3-2: Foul Ball, location: 2F
3-2: Strikes out swinging
Top of the 9th over - 0 run(s), 1 hit(s), 0 error(s), 1 left on base; Fort Worth HS 7 - Masconomet HS 10
Monday, December 5th, 2016 - OOTP Baseball 17.12 Build 75